 Dungeon Crawl Stone Soup version 0.21.0-3-g78d12a8 (webtiles) character file.

84 tidbits the Sneak (level 4, -4/23 HPs)
             Began as a Vine Stalker Wizard on Jan 11, 2018.
             Slain by a worker ant (6 damage)
             ... on level 4 of the Dungeon.
             The game lasted 00:06:23 (1066 turns).

tidbits the Sneak (Vine Stalker Wizard)             Turns: 1066, Time: 00:06:24

Health: -4/23      AC:  3    Str: 11    XL:     4   Next: 45%
Magic:  0/9        EV: 12    Int: 18    God:
Gold:   86         SH:  0    Dex: 12    Spells: 4/9 levels left

rFire    . . .     SeeInvis .   a - +0 short sword
rCold    . . .     Gourm    .   (no shield)
rNeg     . . .     Faith    .   e - +0 robe
rPois    .         Spirit   +   b - +0 hat
rElec    .         Reflect  .   C - +0 cloak
rCorr    .         Harm     .   (no gloves)
MR       .....                  (no boots)
Stlth    +++.......             (no amulet)
HPRegen  0.47/turn              s - ring of stealth
MPRegen  0.11/turn              (no ring)

@: lethally poisoned (-4 -> -4)
A: fangs 2, regeneration 1, magic shield, antimagic bite, no potion heal 3, rot
immunity
a: no special abilities


You were on level 4 of the Dungeon.
You were hungry.

You visited 1 branch of the dungeon, and saw 4 of its levels.

You collected 86 gold pieces.

Inventory:

Hand Weapons
 a - a +0 short sword (weapon)
Missiles
 h - 21 arrows
 n - 4 tomahawks (quivered)
Armour
 b - a +0 hat (worn)
 e - a +0 robe (worn)
 C - a +0 cloak (worn)
Jewellery
 s - a ring of stealth (left hand)
   (You found it on level 2 of the Dungeon)
Scrolls
 f - a scroll of amnesia {unknown}
 i - a scroll of fog {unknown}
 m - a scroll of immolation {unknown}
 p - a scroll of enchant weapon {unknown}
 q - a scroll of identify {unknown}
 r - a scroll of remove curse
 t - a scroll of enchant armour {unknown}
 u - a scroll of fear {unknown}
Potions
 g - a potion of flight {unknown}
 j - a potion of heal wounds {unknown}
 k - a potion of curing {unknown}
 l - a potion of might {unknown}
 o - a potion of berserk rage {unknown}
Books
 c - a book of Minor Magic

   Spells                             Type                      Level
   a - Magic Dart                     Conjuration                  1
   b - Blink                          Translocation                2
   c - Call Imp                       Summoning                    2
   d - Slow                           Hexes                        2
   e - Conjure Flame                  Conjuration/Fire             3
   f - Mephitic Cloud                 Conjuration/Poison/Air       3
Comestibles
 d - 5 rations


   Skills:
 + Level 1.8 Fighting
 + Level 1.8 Short Blades
 - Level 1.5 Dodging
 + Level 3.9 Stealth
 - Level 3.2 Spellcasting
 - Level 1.0 Conjurations
 - Level 1.0 Summonings
 - Level 1.0 Translocations


You had 4 spell levels left.
You knew the following spells:

 Your Spells              Type           Power        Failure   Level  Hunger
a - Magic Dart            Conj           #...         11%         1    None
b - Blink                 Tloc           N/A          16%         2    ##.....
i - Call Imp              Summ           #.......     16%         2    ##.....


Dungeon Overview and Level Annotations

Branches:
Dungeon (4/15)
 Temple: D:4-7

Altars:
Okawaru
Trog


Innate Abilities, Weirdness & Mutations

You have extremely sharp teeth.
Your natural rate of healing is unusually fast.
When hurt, damage is shared between your health and your magic reserves.
Your bite disrupts and absorbs the magic of your enemies.
Potions cannot restore your health.
You are immune to rotting.


Message History

The ooze is severely wounded.
The ooze closely misses you.
You hit the ooze. Your bite misses the ooze.
The ooze is almost dead.
The ooze jiggles.
The ooze closely misses you.
You barely miss the ooze.
The ooze is almost dead.
The ooze hits you.
You hit the ooze.
You kill the ooze!
You now have 86 gold pieces (gained 13).
Magic restored.
You are feeling hungry.
Okay, then.
Found a cloak.
There is a stone staircase leading down here.
You climb downwards.
There is a stone staircase leading up here.
Unknown command.
Found an escape hatch in the ceiling.
There is an escape hatch in the ceiling here.
You open the door.
A worker ant and a skeleton come into view.
Found a club.
Casting: Magic Dart
Confirm with . or Enter, or press ? or * to list all spells.
Aiming: Magic Dart
Press: ? - help, Shift-Dir - straight line, f - worker ant
Aim: a worker ant (resting)
The magic dart hits the worker ant.
The worker ant twitches its antennae in your direction.
Casting: Magic Dart
Confirm with . or Enter, or press ? or * to list all spells.
Aiming: Magic Dart
Press: ? - help, Shift-Dir - straight line, f/p - worker ant
Aim: a worker ant The magic dart hits the worker ant.
Casting: Magic Dart
Confirm with . or Enter, or press ? or * to list all spells.
Aiming: Magic Dart
Press: ? - help, Shift-Dir - straight line, f/p - worker ant
Aim: a worker ant The magic dart hits the worker ant.
Casting: Magic Dart
Confirm with . or Enter, or press ? or * to list all spells.
Aiming: Magic Dart
Press: ? - help, Shift-Dir - straight line, f/p - worker ant
Aim: a worker ant The magic dart hits the worker ant.
The worker ant is lightly wounded.
Casting: Magic Dart
Confirm with . or Enter, or press ? or * to list all spells.
A metallic apparition takes form in the air.
You hit the worker ant.
The worker ant is moderately wounded.
The worker ant completely misses you. The worker ant bites you.
You barely miss the worker ant.
The worker ant is moderately wounded.
Your iron imp closely misses the hound skeleton.
The worker ant barely misses you.
You closely miss the worker ant. Your bite misses the worker ant.
The worker ant is moderately wounded.
The worker ant bites you.
You are poisoned.
The worker ant poisons you!
Your iron imp hits the hound skeleton.
You hit the worker ant but do no damage.
You bite the worker ant, but do no damage.
The worker ant is moderately wounded.
You feel sick. The worker ant bites you.
Your iron imp hits the hound skeleton!
You barely miss the worker ant.
The worker ant is moderately wounded.
You feel sick. The worker ant barely misses you.
Your iron imp hits the hound skeleton.
You hit the worker ant.
The worker ant is severely wounded.
You feel sick. The worker ant completely misses you.
The worker ant barely misses you.
You hit the worker ant but do no damage.
The worker ant is severely wounded.
Your iron imp hits the hound skeleton.
The hound skeleton is destroyed!
The worker ant bites you.
* * * LOW HITPOINT WARNING * * *
You hit the worker ant but do no damage.
Your bite misses the worker ant.
The worker ant is severely wounded.
You feel sick. The worker ant barely misses you.
Your iron imp hits the worker ant.
You closely miss the worker ant.
The worker ant is almost dead.
The worker ant closely misses you.
Your iron imp closely misses the worker ant.
You closely miss the worker ant. Your bite misses the worker ant.
The worker ant is almost dead.
You feel sick. The worker ant bites you!
* * * LOW HITPOINT WARNING * * *
Your iron imp barely misses the worker ant.
The worker ant bites you.
You die...

##### ##############
##...## .............#
##.....#
####...####.###.......
#.....# #...........
##.<.## #####.......
##.## #......... #.#
#.###...#. #@# #.
##.##. #a# # #.##. ..5
..##. ..... # #.###.
....... #.#.#. #.
......... #.....###.
+........)+ .......<..
#.........# ##....####
....#


You could see a worker ant and a friendly iron imp.

Vanquished Creatures
  4 adders (D:2)
  An ooze (D:3)
  A worm (D:2)
  2 dart slugs
  An orc (D:3)
  A ball python (D:2)
  4 bats
  3 giant cockroaches
  3 hobgoblins
  2 frilled lizards (D:2)
  5 kobolds
  5 rats
32 creatures vanquished.

Vanquished Creatures (collateral kills)
  A hound skeleton (D:4)
1 creature vanquished.

Grand Total: 33 creatures vanquished

Notes
Turn   | Place    | Note
-------+----------+-------------------------------------------
     0 | D:1      | tidbits the Vine Stalker Wizard began the quest for the Orb.
     0 | D:1      | Reached XP level 1. HP: 9/9 MP: 5/5
   222 | D:1      | Reached XP level 2. HP: 14/14 MP: 2/7
   226 | D:1      | Learned a level 2 spell: Call Imp
   229 | D:1      | Learned a level 2 spell: Blink
   389 | D:2      | Reached skill level 3 in Stealth
   406 | D:2      | Reached skill level 1 in Fighting
   406 | D:2      | Reached skill level 1 in Short Blades
   406 | D:2      | Reached XP level 3. HP: 15/18 MP: 0/8
   619 | D:2      | Found an iron altar of Okawaru.
   717 | D:2      | Gained mutation: Your natural rate of healing is unusually fast. [Vine Stalker growth]
   717 | D:2      | Reached XP level 4. HP: 19/22 MP: 5/9
   923 | D:3      | Found a bloodstained altar of Trog.
  1066 | D:4      | HP: 2/23 [worker ant (6)]
  1066 | D:4      | Slain by a worker ant

Skill      XL: |  1  2 |
---------------+-------+-----
Stealth        | 3 |  3.9
Fighting       | 1 |  1.8
Short Blades   | 1 |  1.8
Dodging        | |  1.5
Spellcasting   | |  3.2
Conjurations   | |  1.0
Summonings     | |  1.0
Translocations | |  1.0

Action                   |  1- 3 |  4- 6 || total
-------------------------+-------+-------++-------
Melee: Short sword       |    20 |    22 ||    42
       Bite              |     4 |     2 ||     6
 Cast: Magic Dart        |    53 |    12 ||    65
       Call Imp          |       |     1 ||     1
  Use: Scroll            |       |     1 ||     1
 Stab: Sleeping          |     2 |     3 ||     5
Armor: Robe              |     6 |     1 ||     7
Dodge: Dodged            |    13 |    16 ||    29

Table legend:
 A = Turns spent in this place as a percentage of turns spent in the entire game.
 B = Non-inter-level travel turns spent in this place as a percentage of non-inter-level travel turns spent in the entire game.
 C = Inter-level travel turns spent in this place as a percentage of turns spent in this place.
 D = Turns resting spent in this place as a percentage of non-inter-level travel turns spent in this place.
 E = Turns spent auto-exploring this place as a percentage of non-inter-level travel turns spent in this place.
 F = Non-inter-level travel turns spent in this place divided by the number of levels of this place that you've seen.
                   A       B       C       D       E      F
               +-------+-------+-------+-------+-------+----------------------
         Total | 100.0 | 100.0 |   4.9 |   0.0 |   0.0 | 253.5
       Dungeon | 100.0 | 100.0 |   4.9 |   0.0 |   0.0 | 253.5
               +-------+-------+-------+-------+-------+----------------------

Table legend:
 A = Kills in this place as a percentage of kills in entire the game.
 B = Kills by you in this place as a percentage of kills by you in the entire game.
 C = Kills by friends in this place as a percentage of kills by friends in the entire game.
 D = Other kills in this place as a percentage of other kills in the entire game.
 E = Experience gained in this place as a percentage of experience gained in the entire game.
 F = Experience gained in this place divided by the number of levels of this place that you have seen.
                   A       B       C       D       E      F
               +-------+-------+-------+-------+-------+----------------------
         Total | 100.0 | 100.0 | 100.0 |   N/A | 100.0 |  30.0
       Dungeon | 100.0 | 100.0 | 100.0 |   N/A | 100.0 |  30.0
               +-------+-------+-------+-------+-------+----------------------

Vault maps used:
D:1:      minmay_arrival_cross, minivault_5
D:2:      okawaru_metal_pillars_1_2, first_ration, minmay_misc_feat_five,
          uniq_crazy_yiuf_cottage
D:3:      makhleb_heckhound_becter, old_standard_altar, st_stairs_14,
          bloody_trog
D:4:      lemuel_round_altar, guppyfry_early_orc_mine
